 Dungeon Crawl Stone Soup version 0.22-a0-407-gb098539 (webtiles) character file.

705 Gorglomux the Ruffian (level 7, 0/72 HPs)
             Began as a Troll Monk on May 9, 2018.
             Was a Priest of Yredelemnul.
             Slain by an ogre
             ... wielding a +0 giant club
              (11 damage)
             ... on level 5 of the Dungeon.
             The game lasted 00:02:33 (2395 turns).

Gorglomux the Ruffian (Troll Monk)                  Turns: 2395, Time: 00:02:34

Health: 0/72       AC:  5    Str: 20    XL:     7   Next: 39%
Magic:  5/7        EV: 10    Int:  8    God:    Yredelemnul [***...]
Gold:   223        SH:  0    Dex: 12    Spells: 6/6 levels left

rFire    . . .     SeeInvis .     - Unarmed
rCold    . . .     Gourm    +   (no shield)
rNeg     . . .     Faith    .   a - +0 robe
rPois    .         Spirit   .   (helmet restricted)
rElec    .         Reflect  .   (no cloak)
rCorr    .         Harm     .   (gloves unavailable)
MR       .....                  (boots unavailable)
Stlth    ++........             (no amulet)
HPRegen  0.62/turn              (no ring)
MPRegen  0.10/turn              (no ring)

@: lethally poisoned (0 -> 0)
A: large, unfitting armour, claws 3, fast metabolism 3, gourmand, regeneration
1, shaggy fur 1, tough skin 2
a: Recall Undead Slaves, Injury Mirror, Animate Dead, Renounce Religion


You were on level 5 of the Dungeon.
You worshipped Yredelemnul.
Yredelemnul was most pleased with you.
You were very full.

You visited 1 branch of the dungeon, and saw 5 of its levels.

You collected 223 gold pieces.

Inventory:

Armour
 a - a +0 robe (worn)
Jewellery
 n - a cursed -5 ring of strength {unknown}
Scrolls
 c - 6 scrolls of identify {unknown}
 d - a scroll of immolation {unknown}
 f - 3 scrolls of remove curse {unknown}
 h - 2 scrolls of magic mapping {unknown}
 m - 4 scrolls of teleportation {unknown}
 o - 2 scrolls of amnesia {unknown}
 s - a scroll of random uselessness {unknown}
 u - a scroll of fear {unknown}
 w - a scroll of noise {unknown}
 x - a scroll of enchant weapon {unknown}
Potions
 e - a potion of invisibility
 g - a potion of degeneration {unknown}
 j - 2 potions of mutation {unknown}
 l - a potion of might {unknown}
 p - 2 potions of curing {unknown}
 q - a potion of berserk rage {unknown}
 t - a potion of haste {unknown}
 v - a potion of magic {unknown}
Comestibles
 b - 9 rations


   Skills:
 + Level 5.0 Fighting
 - Level 2.4 Dodging
 - Level 1.0 Stealth
 + Level 6.1 Unarmed Combat
 + Level 2.5 Invocations


You had 6 spell levels left.
You didn't know any spells.

Dungeon Overview and Level Annotations

Branches:
Dungeon (5/15)
 Temple: D:4-7

Altars:
Nemelex Xobeh
Ru
Uskayaw
Yredelemnul
The Shining One


Innate Abilities, Weirdness & Mutations

You are too large for most types of armour.
You have claws for hands.
Your metabolism is lightning-fast.
You like to eat raw meat.
Your natural rate of healing is unusually fast.
You are covered in fur. (AC +1)
You have very tough skin. (AC +2)


Message History

You feel sick!
Something hits your gnoll zombie but does no damage!
Your gnoll zombie hits something with a club!!!
Yredelemnul roars: ANNIHILATED!
You feel a bit more experienced!
You feel sick! The ogre barely misses you!
You eviscerate the ogre!
The butt is lightly wounded!
The ogre closely misses you!
You eviscerate the ogre!
The ogre is moderately wounded!
You eviscerate the ogre!!!
The ogre is severely wounded!
You feel sick!
The butt hits you with a butt club!!! * * * don't die
* * * You eviscerate the ogre!
The ogre is almost dead!
The ogre hits you with a giant club!!! rip Your body rises from the dead as a mindless zombie!

#?##.)...... ####
#.##........
#...###.##........
#.......##........
#........ZZ.......
######..##g.......
#.###..Z..... #.#
#....$... #@#
#........
##O######...##
#............#
#.<######.....
#..# #..# #..#
#..# #..#


You could see an ogre.

Vanquished Creatures
  The ghost of wazuzu the Insei, an amateur DsGl of Trog (D:4)
  Sigmund (D:2)
  2 orc priests (D:5)
  2 orc wizards
  A worker ant (D:5)
  5 adders
  4 gnolls
  8 leopard geckos
  16 orcs
  A ball python (D:4)
  4 giant cockroaches
  4 goblins
  3 hobgoblins
  4 jackals (D:2)
  7 kobolds
  3 quokkas
  4 bats
  8 frilled lizards
  2 rats
80 creatures vanquished.

Vanquished Creatures (collateral kills)
  A hound (D:4)
  A gnoll (D:5)
2 creatures vanquished.

Vanquished Creatures (others)
  An orc (D:4)
  A gnoll zombie (D:5)
  An orc zombie (D:5)
3 creatures vanquished.

Grand Total: 85 creatures vanquished

Notes
Turn   | Place    | Note
-------+----------+-------------------------------------------
     0 | D:1      | Gorglomux the Troll Monk began the quest for the Orb.
     0 | D:1      | Reached XP level 1. HP: 22/22 MP: 0/0
   318 | D:2      | Reached XP level 2. HP: 29/29 MP: 1/1
   332 | D:2      | Noticed Sigmund
   340 | D:2      | Killed Sigmund
   340 | D:2      | Reached skill level 3 in Fighting
   340 | D:2      | Reached skill level 4 in Unarmed Combat
   340 | D:2      | Reached XP level 3. HP: 31/39 MP: 2/2
   340 | D:2      | Reached XP level 4. HP: 39/48 MP: 3/3
   340 | D:2      | Reached XP level 5. HP: 44/54 MP: 4/4
   406 | D:2      | Found a basalt altar of Yredelemnul.
   419 | D:2      | Became a worshipper of Yredelemnul the Dark
   419 | D:2      | Reached * piety under Yredelemnul
   419 | D:2      | Reached ** piety under Yredelemnul
   641 | D:2      | Reached skill level 5 in Unarmed Combat
   905 | D:3      | Reached XP level 6. HP: 59/62 MP: 5/5
   979 | D:3      | Found a sparkling altar of Nemelex Xobeh.
   982 | D:3      | Found a sacrificial altar of Ru.
   983 | D:3      | Found a glowing golden altar of the Shining One.
  1794 | D:4      | Noticed wazuzu's ghost (amateur DsGl)
  1837 | D:4      | Killed wazuzu's ghost
  1837 | D:4      | Reached skill level 1 in Invocations
  1837 | D:4      | Reached XP level 7. HP: 12/71 MP: 5/7
  2243 | D:4      | Reached *** piety under Yredelemnul
  2290 | D:4      | Found a hide-covered altar of Uskayaw.
  2355 | D:5      | Entered Level 5 of the Dungeon
  2370 | D:5      | Reached skill level 6 in Unarmed Combat
  2395 | D:5      | Slain by an ogre

Vault maps used:
D:1:      minmay_arrival_plants_in_alcoves
D:2:      minmay_diamond_boxcup, overflow_temple_1_default, uniq_sigmund
D:3:      grunt_temple_overflow_open, serial_glass, glass_columns_a,
          glass_columns_c, nrook_uturn
D:4:      wad_crossroads, lemuel_doored_altar, amethyst_overflow_temple_binary,
          first_ration, hangedman_decor_peaks_small, uniq_duvessa

Skill      XL: |  1  2  3  4  5  6  7 |
---------------+----------------------+-----
Fighting       | 3 4 5 |  5.0
Unarmed Combat | 4 5 6 |  6.1
Invocations    | 1 2 |  2.5
Dodging        | |  2.4
Stealth        | |  1.0

Action                   |  1- 3 |  4- 6 |  7- 9 || total
-------------------------+-------+-------+-------++-------
Melee: Unarmed           |    31 |   151 |    32 ||   214
       Punch             |       |     6 |       ||     6
Invok: Animate Remains   |       |     3 |     3 ||     6
       Animate Dead      |       |       |     1 ||     1
  Use: Potion            |       |     1 |       ||     1
 Stab: Sleeping          |       |     3 |       ||     3
  Eat: Chunk             |     4 |    19 |     5 ||    28
Armor: Robe              |     8 |    52 |     4 ||    64
Dodge: Dodged            |     8 |   100 |    16 ||   124

Table legend:
 A = Spawn XP
 B = Non-spawn XP
 C = Spawn XP percentage of total XP
 D = Spawn monster count
 E = Non-spawn monster count
 F = Spawn count percentage of total count
 G = Total turns spent on level
                    A         B        C        D         E        F      G
               +---------+---------+-------+---------+---------+-------+---------
         Total |       0 |    1008 |   0.0 |       0 |      82 |   0.0 |  2395
               +---------+---------+-------+---------+---------+-------+---------
           D:1 |       0 |      11 |   0.0 |       0 |       8 |   0.0 |   317
           D:2 |       0 |     316 |   0.0 |       0 |      23 |   0.0 |   500
           D:3 |       0 |      90 |   0.0 |       0 |      24 |   0.0 |   655
           D:4 |       0 |     407 |   0.0 |       0 |      19 |   0.0 |   883
           D:5 |       0 |     184 |   0.0 |       0 |       8 |   0.0 |    40
               +---------+---------+-------+---------+---------+-------+---------
